 Dungeon Crawl Stone Soup version 0.24-a0-29-g43a6aff (webtiles) character file.

Game seed: 14838528649982549467

78 ohad the Chopper (level 4, -4/35 HPs)
             Began as a Formicid Fighter on Feb 2, 2019.
             Slain by Sigmund
             ... wielding a +0 scythe
              (5 damage)
             ... on level 2 of the Dungeon.
             The game lasted 00:02:45 (1155 turns).

ohad the Chopper (Formicid Fighter)                 Turns: 1155, Time: 00:02:46

Health: -4/35      AC:  9    Str: 20 (21) XL:     4   Next: 61%
Magic:  4/4        EV:  5    Int:  6 (7)  God:
Gold:   69         SH:  9    Dex:  9 (11) Spells: 3/3 levels left

rFire    . . .     SeeInvis +   a - +0 war axe
rCold    . . .     Gourm    .   c - +0 shield
rNeg     . . .     Faith    .   j - +0 chain mail
rPois    .         Spirit   .   (helmet unavailable)
rElec    .         Reflect  .   (no cloak)
rCorr    .         Harm     .   (no gloves)
MR       .....                  (no boots)
Stlth    ..........             (no amulet)
HPRegen  0.11/turn              (no ring)
MPRegen  0.09/turn              (no ring)

@: no status effects
A: permanent stasis, dig shafts and tunnels, four strong arms, antennae 3
a: Dig, Shaft Self


You were on level 2 of the Dungeon.
You were not hungry.

You visited 1 branch of the dungeon, and saw 2 of its levels.

You collected 69 gold pieces.

Inventory:

Hand Weapons
 a - a +0 war axe (weapon)
 g - a +1 flail of venom
Missiles
 l - 11 poisoned needles
Armour
 b - a +0 scale mail
 c - a +0 shield (worn)
 j - a +0 chain mail (worn)
Scrolls
 e - a scroll of enchant armour {unknown}
 i - 3 scrolls of identify {unknown}
 m - a scroll of magic mapping {unknown}
Potions
 d - a potion of might
Comestibles
 f - 5 rations
 h - 5 chunks of flesh


   Skills:
 - Level 3.2 Fighting
 + Level 4.5 Axes
 - Level 3.2 Armour
 - Level 3.6 Shields


You had 3 spell levels left.
You didn't know any spells.
Your spell library was empty.

Dungeon Overview and Level Annotations

Branches:
Dungeon (2/15)

Altars:
Uskayaw
The Shining One

Annotations:
D:2 Sigmund


Innate Abilities, Weirdness & Mutations

You cannot be hasted, slowed, berserked, paralysed or teleported.
You can dig through walls and to a lower floor.
Your four strong arms can wield two-handed weapons with a shield.
You have a pair of large antennae on your head. (SInv)


Message History

Sigmund hits you but does no damage.
Okay, then.
Sigmund mumbles some strange words.
Sigmund flickers and vanishes for a moment.
You miss Sigmund. Sigmund hits you with a +0 scythe!
* * * LOW HITPOINT WARNING * * *
Unknown command.
You bump into the rock wall.
Sigmund hits you with a +0 scythe!
* * * LOW HITPOINT WARNING * * *
Unknown command.
You're too confused to move!
Your shield and chain mail prevent you from hitting Sigmund.
Sigmund breathes a few words.
Sigmund's hands start flickering wildly.
Sigmund barely misses you.
You bump into the rock wall.
Sigmund barely misses you.
You closely miss Sigmund.
You feel less confused. Sigmund hits you with a +0 scythe.
You die...

#. #. #.# #@. #..
#.. #####..#######
.#
...?.....@...###..##
#####..###@...[...#.
#..# #.#.###..#.
####..# #.#......#.
......###.#..##..##
#.###.............#
#.#.....).#..###...
#.#....(÷.#..## #
#.#...((†.....#
#.#..≈≈8≈≈......


You could see Sigmund (invisible).

Vanquished Creatures
  3 gnolls (D:2)
  An ooze (D:2)
  2 dart slugs
  A giant cockroach (D:1)
  9 goblins
  3 hobgoblins
  3 jackals (D:2)
  4 kobolds
  A ball python (D:1)
  6 bats
  4 frilled lizards
  4 rats
41 creatures vanquished.

Notes
Turn   | Place    | Note
-------+----------+-------------------------------------------
     0 | D:1      | ohad the Formicid Fighter began the quest for the Orb.
     0 | D:1      | Reached XP level 1. HP: 18/18 MP: 1/1
   104 | D:1      | Reached XP level 2. HP: 21/24 MP: 2/2
   187 | D:1      | Reached skill level 3 in Axes
   374 | D:1      | Reached XP level 3. HP: 29/29 MP: 3/3
   719 | D:2      | Found a hide-covered altar of Uskayaw.
   721 | D:2      | Found a glowing golden altar of the Shining One.
   800 | D:2      | Reached skill level 4 in Axes
   800 | D:2      | Reached XP level 4. HP: 17/35 MP: 4/4
  1129 | D:2      | Noticed Sigmund
  1150 | D:2      | HP: 1/35 [Sigmund/+0 scythe (7)]
  1155 | D:2      | Slain by Sigmund

Vault maps used:
D:1:      lightli_arrival_boilingwater, kennysheep_boxes
D:2:      grunt_dithmenos_smoke_and_mirrors,
          chequers_temple_overflow_statue_of_worship, moated_statue,
          minmay_joined_circles, uniq_sigmund

Skill      XL: |  1  2  3 |
---------------+----------+-----
Axes           | 3 4 |  4.5
Fighting       | |  3.2
Armour         | |  3.2
Shields        | |  3.6

Action                   |  1- 3 |  4- 6 || total
-------------------------+-------+-------++-------
Melee: War axe           |   110 |    32 ||   142
  Use: Potion            |       |     2 ||     2
  Eat: Chunk             |       |     1 ||     1
Armor: Scale mail        |    16 |       ||    16
       Chain mail        |    36 |    16 ||    52
Dodge: Dodged            |    22 |     9 ||    31
Block: Shield            |    68 |    14 ||    82

Table legend:
 A = Non-vault XP
 B = Vault XP
 C = Vault XP percentage of total XP
 D = Non-vault monster count
 E = Vault monster count
 F = Vault count percentage of total count
                 A         B        C        D         E       F
            +---------+---------+-------+---------+---------+-------
      Total |     112 |       0 |   0.0 |      41 |       0 |   0.0
            +---------+---------+-------+---------+---------+-------
        D:1 |      40 |       0 |   0.0 |      25 |       0 |   0.0
        D:2 |      72 |       0 |   0.0 |      16 |       0 |   0.0
            +---------+---------+-------+---------+---------+-------
